high level 2v2 mixed, campbells

Match 17237410
End
Construct Infanterie Kompanie
Kettenkrad Recon Vehicle
Selects Mechanized Battlegroup
MG 42 Machine Gun Team
MG 42 Machine Gun Team
Construct Panzergrenadier Kompanie
Selects Raid Package
Panzergrenadier Squad
Panzergrenadier Officer Quarters
Panzergrenadier Squad
Medical Station
Selects 8 Rad Armored Car
Pak 40 Anti-tank Gun Team
Pak 40 Anti-tank Gun Team
Panzergrenadier Squad
Support Elements
Panzergrenadier Squad
Panzergrenadier Squad
Selects Panther Heavy Tank
Panther Heavy Tank
Panzergrenadier Squad
Selects Spotting Scopes
Panther Heavy Tank
Selects Mechanized Assault
Panther Heavy Tank
Selects Wespe Self-propelled Artillery
Mechanized Assault
8 Rad Armored Car
Wespe Self-propelled Artillery
Panzergrenadier Squad
Mechanized Assault
AI Takeover
豪师傅
Rommels Zirkus
Barry Chuckle
havoc
0
0

Comments sign in to comment!

No comments posted yet!